Map: Lost and Found LE

Players

LiquidMaNa (MaNa) - Winner!

  • Race: Protoss Protoss
  • League: Grandmaster
  • Spawn Location: 7:00

YoGo

  • Race: Zerg Zerg
  • League: Grandmaster
  • Spawn Location: 1:00

Event: HomeStory Cup XVII

VOD

Have the link to the VOD?

Description

Time

  • Played on: June 28, 2018, 7:03 p.m.
  • Length: 12:56

All games in this series

Show
View Real Time Build Order
Export as new Build Order

LiquidMaNa Protoss - Winner!

Build Orders: 1 Gate Expand, Oracle Opening, Phoenix Opening, Mass Phoenix 

Get SALT Encoding   

  12  0:00  Probe  
  13  0:12  Probe  
  14  0:20  Pylon  
  14  0:24  Probe  
  15  0:34  Probe  
  15  0:38  Assimilator  
  15  0:42  Probe  
  16  0:48  Gateway  
  17  0:51  Probe  
  18  0:59  Probe  
  19  1:08  Probe  
  20  1:26  Nexus  
  20  1:35  Cybernetics Core  
  20  1:38  Probe  
  21  1:42  Assimilator  
  21  1:50  Probe  
  22  1:54  Pylon  
  22  2:02  Probe  
  23  2:10  Probe  
  23  2:12  Adept  
  26  2:17  Stargate  
  26  2:18  Probe  
  27  2:23  Warp Gate  
  27  2:28  Probe  
  27  2:35  Adept  
  27  2:36  Pylon  
  28  2:38  Probe  
  28  2:40  Probe  
  32  2:50  Probe  
  33  2:52  Probe  
  34  3:02  Phoenix, Probe  
  34  3:05  Probe  
  38  3:07  Gateway  
  38  3:14  Probe  
  38  3:17  Oracle, Probe  
  42  3:21  Pylon  
  42  3:26  Probe  
  41  3:29  Probe  
  41  3:34  Assimilator  
  45  3:35  Assimilator  
  45  3:38  Probe  
  45  3:41  Probe  
  47  3:49  Stargate  
  47  3:50  Probe  
  47  3:53  Probe  
  49  3:59  Phoenix  
  49  4:02  Pylon  
  51  4:03  Probe  
  51  4:05  Probe  
  53  4:14  Pylon  
  53  4:15  Probe  
  54  4:20  Probe  
  54  4:24  Phoenix  
  55  4:26  Phoenix  
  55  4:27  Probe  
  55  4:29  Pylon  
  58  4:32  Probe, Zealot  
  58  4:33  Zealot  
  65  4:39  Probe  
  65  4:44  Probe  
  67  4:50  Phoenix  
  67  4:51  Phoenix  
  70  5:08  Nexus, Phoenix, Pylon  
  70  5:10  Phoenix  
  70  5:14  Pylon  
  74  5:27  Robotics Facility  
  74  5:33  Sentry x2  
  74  5:34  Phoenix  
  78  5:37  Shield Battery  
  80  5:43  Phoenix  
  80  5:49  Gateway  
  82  5:50  Gateway  
  82  5:54  Probe  
  82  5:55  Probe, Pylon  
  84  6:06  Immortal  
  84  6:09  Void Ray  
  88  6:11  Probe  
  88  6:12  Probe  
  94  6:21  Zealot x2  
  98  6:25  Shield Battery  
  98  6:28  Probe x2  
  98  6:32  Pylon  
  100  6:37  Immortal  
  100  6:42  Zealot  
  100  6:43  Zealot  
  109  6:54  Probe x2  
  109  6:58  Probe  
  111  7:03  Twilight Council  
  111  7:05  Forge  
  111  7:06  Probe x2  
  113  7:09  Observer  
  113  7:11  Zealot x2  
  118  7:28  Zealot x2  
  118  7:29  Charge, Protoss Ground Weapons Level 1  
  122  7:31  Warp Prism  
  124  7:40  Robotics Bay  
  124  7:42  Templar Archives  
  124  7:44  Gateway  
  124  7:45  Gateway  
  124  7:53  Probe  
  125  8:00  Gateway x2  
  125  8:02  Gateway  
  125  8:03  Gateway  
  125  8:06  Psionic Storm  
  125  8:09  Assimilator  
  125  8:11  Gateway  
  125  8:14  Assimilator  
  125  8:21  Pylon  
  125  8:23  Pylon  
  125  8:25  Pylon  
  125  8:27  Pylon  
  125  8:39  Probe x2  
  125  8:40  High Templar  
  125  8:41  High Templar x3  
  133  8:43  Probe  
  136  8:51  Probe x2  
  138  8:59  Probe  
  138  9:01  High Templar x2  
  138  9:02  Zealot x4  
  151  9:03  Probe  
  151  9:05  Protoss Ground Weapons Level 2  
  152  9:11  Immortal  
  152  9:13  Robotics Facility  
  156  9:19  Nexus  
  156  9:25  Pylon  
  156  9:27  Pylon  
  156  9:39  Pylon  
  156  9:41  Pylon  
  156  9:42  Pylon x2  
  156  9:49  High Templar x4  
  164  9:54  Photon Cannon  
  164  9:55  Photon Cannon  
  164  9:57  Photon Cannon, Archon x2  
  164  9:58  Photon Cannon  
  164  10:00  Shield Battery  
  164  10:03  Immortal  
  168  10:13  Assimilator  
  168  10:14  Probe x3  
  168  10:16  High Templar x2  
  168  10:17  Assimilator  
  168  10:20  Archon  
  165  10:42  Zealot x3  
  165  10:43  Zealot x6  
  165  10:44  Immortal  
  170  11:12  Zealot x10  
  170  11:13  Zealot  
  170  11:16  Archon  
  182  11:20  Immortal  
  172  11:36  Immortal  
  172  11:39  High Templar x5  
  160  11:40  High Templar x3, Zealot x2  
  158  11:52  Archon  
  158  11:53  Archon x3  
  150  12:00  Warp Prism  
  148  12:12  Zealot x10  
  148  12:13  Zealot  
  170  12:17  Immortal  
  174  12:32  High Templar  
  174  12:33  High Templar x3  
  152  12:54  High Templar  
  152  12:55  High Templar x5  
Show
View Real Time Build Order
Export as new Build Order

YoGo Zerg 

Build Orders: Hatch First, Roach Hydra 

Get SALT Encoding   

  12  0:00  Drone  
  13  0:18  Overlord  
  13  0:19  Drone  
  14  0:22  Extractor  
  14  0:23  Drone  
  15  0:37  Drone  
  16  0:49  Hatchery  
  15  0:53  Drone  
  15  0:56  Drone  
  17  1:01  Drone  
  18  1:11  Extractor  
  17  1:15  Spawning Pool  
  16  1:19  Drone  
  16  1:24  Drone  
  18  1:35  Drone  
  19  1:44  Drone  
  20  1:55  Overlord  
  20  2:01  Queen  
  20  2:02  Queen  
  20  2:03  Zergling x2  
  26  2:08  Zergling x2  
  26  2:11  Metabolic Boost  
  26  2:14  Drone  
  27  2:16  Drone  
  28  2:23  Drone  
  28  2:28  Drone  
  30  2:44  Drone x2, Hatchery  
  30  2:47  Overlord  
  31  2:52  Zergling x2  
  31  2:58  Zergling x2  
  33  3:00  Zergling x2  
  33  3:02  Queen  
  36  3:10  Drone x3  
  36  3:11  Drone  
  40  3:14  Drone x2  
  42  3:20  Overlord  
  42  3:26  Drone x2  
  44  3:30  Spore Crawler  
  43  3:35  Overlord  
  43  3:40  Queen  
  45  3:42  Drone x3  
  48  3:49  Overlord  
  48  3:53  Spore Crawler  
  48  3:55  Drone x3  
  50  3:56  Drone  
  50  4:00  Spore Crawler  
  50  4:02  Drone x2  
  52  4:10  Lair  
  52  4:11  Drone x2  
  52  4:14  Drone x2  
  56  4:19  Drone x3  
  59  4:26  Roach Warren  
  59  4:27  Drone x2  
  59  4:28  Drone  
  60  4:31  Drone x2  
  60  4:32  Drone  
  60  4:37  Overlord x2  
  63  4:40  Extractor  
  63  4:42  Extractor x2  
  59  4:53  Drone x6  
  65  5:00  Overlord  
  65  5:05  Overlord x2  
  65  5:06  Drone x4  
  68  5:10  Glial Reconstitution  
  68  5:14  Overlord  
  68  5:24  Roach x6  
  68  5:28  Hydralisk Den, Evolution Chamber  
  77  5:29  Roach  
  77  5:31  Roach  
  77  5:32  Overseer  
  77  5:35  Roach x2  
  85  5:36  Roach  
  85  5:39  Extractor  
  86  5:44  Pneumatized Carapace  
  86  5:45  Extractor  
  85  5:53  Drone x8  
  85  5:56  Zerg Missile Weapons Level 1  
  93  6:02  Zergling x8  
  95  6:08  Spore Crawler  
  95  6:09  Spore Crawler  
  95  6:11  Spore Crawler  
  90  6:12  Spore Crawler, Zergling x10  
  90  6:16  Spore Crawler  
  90  6:20  Zergling x6  
  90  6:21  Spore Crawler  
  90  6:24  Drone x2  
  90  6:26  Drone  
  90  6:29  Queen  
  90  6:30  Drone x2  
  90  6:31  Drone  
  92  6:35  Drone x2  
  92  6:36  Drone x2  
  92  6:39  Drone  
  95  6:42  Drone x4  
  97  6:48  Muscular Augments  
  90  6:55  Drone x5  
  90  7:00  Hydralisk x2  
  90  7:01  Hydralisk  
  94  7:05  Spore Crawler x2  
  94  7:06  Evolution Chamber  
  91  7:16  Hydralisk x2  
  91  7:20  Hydralisk  
  97  7:24  Hatchery  
  96  7:31  Overlord  
  96  7:32  Overlord x2  
  96  7:34  Zerg Melee Weapons Level 1  
  95  7:40  Baneling Nest  
  95  7:42  Overlord x2  
  94  7:50  Hydralisk  
  94  7:51  Hydralisk  
  95  7:52  Zerg Missile Weapons Level 2  
  95  7:54  Overlord  
  96  8:01  Hydralisk x6  
  108  8:06  Hydralisk  
  108  8:11  Evolution Chamber  
  109  8:13  Evolution Chamber  
  109  8:15  Hatchery  
  109  8:19  Hydralisk x5  
  113  8:24  Baneling x3  
  113  8:25  Baneling x4  
  113  8:26  Baneling  
  117  8:33  Grooved Spines  
  117  8:35  Hydralisk x2  
  117  8:37  Evolution Chamber  
  120  8:42  Zergling x2  
  120  8:43  Zergling x2  
  121  8:49  Overlord x2  
  121  8:54  Overlord x2  
  121  8:55  Centrifical Hooks  
  121  9:02  Hatchery  
  121  9:06  Overlord, Zerg Ground Armor Level 1  
  121  9:07  Overlord x2  
  120  9:13  Infestation Pit  
  120  9:14  Queen x2  
  123  9:19  Drone x9  
  123  9:20  Drone  
  123  9:21  Drone  
  123  9:24  Drone x2  
  136  9:25  Drone  
  137  9:34  Spore Crawler, Drone x3  
  139  9:39  Spine Crawler  
  139  9:42  Zerg Melee Weapons Level 2  
  139  9:43  Spire  
  137  9:48  Lurker Den  
  137  9:50  Hive  
  136  9:56  Extractor  
  136  9:58  Zergling x4, Extractor  
  136  9:59  Zergling x8  
  140  10:00  Overseer  
  140  10:04  Overlord x2  
  140  10:18  Drone  
  140  10:19  Drone x5  
  146  10:32  Zergling x12  
  151  10:40  Spine Crawler, Hydralisk x3  
  151  10:41  Spine Crawler  
  155  10:48  Zergling x6  
  158  10:50  Baneling x21  
  158  10:56  Hydralisk x5  
  158  11:00  Hydralisk  
  158  11:01  Hydralisk x2  
  156  11:11  Hydralisk x5  
  135  11:14  Hydralisk x2  
  135  11:16  Hydralisk  
  127  11:18  Baneling  
  127  11:19  Baneling x2  
  122  11:26  Hydralisk x2  
  122  11:27  Hydralisk  
  122  11:31  Zergling x6  
  124  11:37  Hydralisk x2  
  107  11:41  Hydralisk  
  96  11:47  Hydralisk x2  
  96  11:49  Zergling x4  
  96  11:50  Zergling x2  
  98  12:01  Zergling x6  
  99  12:23  Corruptor x3  
  99  12:25  Hatchery  
  99  12:27  Baneling  
  99  12:28  Baneling x3  
  99  12:29  Baneling  
  103  12:32  Hydralisk x2  
  103  12:35  Baneling  
Tags
 
Add a new tag
Caveats
  • Supply blocks, unpowered buildings, or Contaminate may cause inaccurate times.
  • Supply counts are checked every 10 seconds.